 Dungeon Crawl Stone Soup version 0.29-a0-359-g541a27f54d (console) character file.

Game seed: 13407367693895811199

3862 Melian the Cleaver (level 9, -3/92 HPs)
             Began as a Minotaur Berserker on Apr 27, 2022.
             Was an Elder of Trog.
             Slain by a vampire mosquito (7 damage)
             ... on level 7 of the Dungeon.
             The game lasted 00:23:19 (9478 turns).

Melian the Cleaver (Minotaur Berserker)             Turns: 9478, Time: 00:23:20

Health: -3/92      AC: 11    Str: 25    XL:     9   Next: 99%
Magic:  0/8        EV: 11    Int:  4    God:    Trog [****..]
Gold:   325        SH:  0    Dex: 11    Spells: 8/8 levels left

rFire   . . .      SeeInvis .   H - +1 battleaxe
rCold   . . .      Faith    .   (shield currently unavailable)
rNeg    . . .      Spirit   +   y - +0 swamp dragon scales
rPois   +          Reflect  .   (helmet restricted)
rElec   .          Harm     .   i - +1 cloak
rCorr   +          Rampage  .   B - +1 pair of gloves
Will    .....                   (no boots)
Stlth   +.........              l - amulet of guardian spirit
HPRegen 0.25/turn               R - ring of resist corrosion
MPRegen 0.11/turn               P - ring of poison resistance

@: on berserk cooldown, flying, slowed, very slow
A: horns 2, retaliatory headbutt
a: Renounce Religion, Berserk, Trog's Hand, Brothers in Arms


You were on level 7 of the Dungeon.
You worshipped Trog.
Trog was greatly pleased with you.
You visited 1 branch of the dungeon, and saw 8 of its levels.
You also visited: Sewer.

You collected 325 gold pieces.


Innate Abilities, Weirdness & Mutations

You have a pair of horns on your head.
You reflexively headbutt those who attack you in melee.


   Skills:
 + Level 12.6 Fighting
 + Level 12.6 Axes
 - Level 2.4 Armour
 - Level 2.1 Dodging


You had 8 spell levels left.
You didn't know any spells.
Your spell library contained the following spells:

 Spells                   Type           Power      Damage    Failure   Level
 Corpse Rot               Necr/Air       0%         N/A       78%         2
 Poisonous Vapours        Pois/Air       0%         N/A       78%         2
 Enfeeble                 Hex            0%         N/A       100%        7

Inventory:

Hand Weapons
 b - a +2 falchion of holy wrath
 r - a +2 long sword of flaming
 H - a +1 battleaxe (weapon)
Missiles
 d - 3 atropa-tipped darts (quivered)
 G - 3 throwing nets {=f}
Armour
 i - a +1 cloak (worn)
 y - +0 swamp dragon scales (worn)
 B - a +1 pair of gloves (worn)
 F - a +2 leather armour of poison resistance
Jewellery
 l - an amulet of guardian spirit (around neck)
 A - the ring "Etrew" {rN+ Str-5 Int+5 Dex+6}
   (You found it on level 5 of the Dungeon)

   [ring of dexterity]

   Str:       It affects your strength (-5).
   Int:       It affects your intelligence (+5).
   Dex:       It affects your dexterity (+6).
   rN:        It protects you from negative energy.
 P - a ring of poison resistance (right hand)
 R - a ring of resist corrosion (left hand)
Wands
 n - a wand of iceblast (9)
 v - a wand of paralysis (4)
 D - a wand of flame (39)
Scrolls
 c - 3 scrolls of immolation
 e - a scroll of noise
 j - 6 scrolls of identify {@r1}
 k - 3 scrolls of enchant weapon
 m - 3 scrolls of teleportation {@r2}
 q - 2 scrolls of enchant armour
 s - 2 scrolls of magic mapping
 x - a scroll of summoning
Potions
 f - a potion of attraction {unknown}
 g - a potion of resistance {unknown}
 p - a potion of heal wounds {unknown}
 t - a potion of haste {unknown}
 u - 2 potions of might
 z - a potion of flight
 E - a potion of lignification {unknown}

Dungeon Overview and Level Annotations

Branches:
Dungeon (8/15)             Temple (0/1) D:4           Sewer (visited)
   Lair: D:8-11

Altars:
Okawaru
Vehumet
Wu Jian
Xom
Yredelemnul
Zin

Shops:
D:4

* ############
....##.....#######
...........'...y@#
...(.......#######
....##.....#
######.....#
#.....# ##.#'##
#.#.# #######.#.#
......#.#.#
#####.#...#
≈#P8#.#...#


You could see a vampire mosquito.


Message History

You are too berserk!
You slash the vampire mosquito!
The vampire mosquito is heavily damaged.
You are no longer berserk.
You are exhausted.
You feel yourself slow down.
* * * LOW HITPOINT WARNING * * *
You feel sick.
The vampire mosquito bites you but does no damage.
The vampire mosquito barely misses you.
You feel better.
The vampire mosquito bites you but does no damage.
The vampire mosquito bites you.
* * * LOW MAGIC WARNING * * *;
* * * LOW HITPOINT WARNING * * *
The vampire mosquito draws strength from your injuries!
The vampire mosquito misses you.
It was a potion of flight.
You feel very buoyant.
You fly up into the air.
The vampire mosquito bites you but does no damage.
The vampire mosquito closely misses you.
Okay, then.
Okay, then.
You slice the vampire mosquito!!
You destroy the vampire mosquito!
Trog accepts your kill.
You can now call in reinforcements.
The vampire mosquito completely misses you.
The vampire mosquito bites you!
* * * LOW MAGIC WARNING * * *
You die...

Skill      XL: |  1  2  3  4  5  6  7  8  9 |
---------------+----------------------------+-----
Fighting       | 4 5 6 7 8 10 12 | 12.6
Axes           | 4 5 6 7 8 10 12 | 12.6
Armour         | |  2.4
Dodging        | |  2.1

Action                   |  1- 3 |  4- 6 |  7- 9 || total
-------------------------+-------+-------+-------++-------
Melee: Hand axe          |    76 |   190 |   185 ||   451
       Headbutt          |     9 |    40 |    68 ||   117
       Punch             |     2 |     5 |     4 ||    11
       Battleaxe         |       |       |   122 ||   122
Invok: Berserk           |       |     1 |     8 ||     9
       Brothers in Arms  |       |       |     2 ||     2
Evoke: Wand              |       |       |     1 ||     1
  Use: Scroll            |       |       |    12 ||    12
       Potion            |       |       |     3 ||     3
Armor: Animal skin       |    23 |     2 |       ||    25
       Leather armour    |       |     7 |       ||     7
       Scale mail        |       |    46 |     2 ||    48
       Chain mail        |       |       |    69 ||    69
       Swamp dragon scal |       |       |    63 ||    63
Dodge: Dodged            |    57 |    81 |   154 ||   292

Levels and vault maps discovered:
D:1:      dpeg_arrival_round_b, layout_loops_ring,
          shapermc_ecumenical_altar_mp_ritualfount
D:2:      layout_basic
D:3:      layout_loops_ring, minmay_misc_feat_alley, minmay_between
D:4:      layout_loops_corners, minitemple, minmay_temple_entry_glass,
          portal_sewer_entry_c, serial_shops, shop, minmay_stone_trees_small
D:5:      layout_loops_ring, mainiacjoe_overflow_catwalk, uniq_ijyb
D:6:      layout_rooms, mainiacjoe_overflow_alcove_1, chequers_arboretum,
          uniq_maggie
D:7:      gammafunk_steamed_eel, layout_basic, lemuel_zombie_altar_yredelemnul,
          hangedman_decor_growths, kennysheep_small_spiral
D:8:      layout_cave_pods, riverfiend_overflow_shadow_ancestor,
          enter_ossuary_4, uniq_amaemon

Notes
Turn   | Place    | Note
-------+----------+-------------------------------------------
     0 | D:1      | Melian the Minotaur Berserker began the quest for the Orb.
     0 | D:1      | Reached XP level 1. HP: 19/19 MP: 0/0
   304 | D:1      | Got Dojap's Volume of Floating Hexes
   307 | D:1      | Reached skill level 4 in Fighting
   307 | D:1      | Reached skill level 4 in Axes
   307 | D:1      | Reached XP level 2. HP: 27/27 MP: 1/1
   890 | D:1      | Reached XP level 3. HP: 34/34 MP: 2/2
   914 | D:1      | Reached ** piety under Trog
   967 | D:1      | Found a faded altar of an unknown god.
  1311 | D:2      | Reached XP level 4. HP: 41/41 MP: 3/3
  1319 | D:2      | Reached skill level 5 in Fighting
  1319 | D:2      | Reached skill level 5 in Axes
  1760 | D:2      | Noticed a scorpion
  1770 | D:2      | Killed a scorpion
  1771 | D:2      | Reached XP level 5. HP: 16/50 MP: 4/4
  2330 | D:3      | Reached skill level 6 in Axes
  2344 | D:3      | Reached skill level 6 in Fighting
  2924 | D:4      | Reached XP level 6. HP: 51/57 MP: 3/5
  2949 | D:4      | Reached *** piety under Trog
  2969 | D:4      | Found a glowing drain.
  2997 | Sewer    | Entered a sewer
  3352 | Sewer    | Reached skill level 7 in Fighting
  3418 | Sewer    | Reached skill level 7 in Axes
  3799 | D:4      | Reached XP level 7. HP: 66/66 MP: 6/6
  3998 | D:4      | Found a staircase to the Ecumenical Temple.
  4581 | D:4      | Found Wiam's General Store.
  4586 | D:4      | Found a radiant altar of Vehumet.
  4592 | D:4      | Found a shimmering altar of Xom.
  4596 | D:4      | Found an ornate altar of the Wu Jian Council.
  4766 | D:5      | Entered Level 5 of the Dungeon
  4972 | D:5      | Identified the ring "Etrew" {rN+ Str-5 Int+5 Dex+6}
  5003 | D:5      | Found an iron altar of Okawaru.
  5033 | D:5      | Reached skill level 8 in Fighting
  5033 | D:5      | Reached skill level 8 in Axes
  5221 | D:5      | Reached **** piety under Trog
  5440 | D:5      | Noticed Ijyb
  5442 | D:5      | Killed Ijyb
  5897 | D:6      | Reached XP level 8. HP: 31/75 MP: 4/7
  6146 | D:6      | Reached skill level 9 in Fighting
  6146 | D:6      | Reached skill level 9 in Axes
  6473 | D:6      | Found a glowing silver altar of Zin.
  7124 | D:6      | Reached skill level 10 in Fighting
  7124 | D:6      | Reached skill level 10 in Axes
  7206 | D:6      | Noticed Maggie
  7219 | D:6      | Killed Maggie
  7599 | D:7      | Found a basalt altar of Yredelemnul.
  7778 | D:7      | Reached XP level 9. HP: 85/86 MP: 8/8
  7797 | D:7      | Found a transporter.
  8006 | D:7      | Reached skill level 11 in Fighting
  8006 | D:7      | Reached skill level 11 in Axes
  8084 | D:7      | Found a transporter.
  9265 | D:8      | Noticed a troll
  9276 | D:7      | Killed a troll
  9381 | D:8      | Noticed Amaemon
  9382 | D:8      | Noticed an orange demon
  9393 | D:7      | Reached skill level 12 in Fighting
  9393 | D:7      | Reached skill level 12 in Axes
  9472 | D:7      | Killed Amaemon
  9473 | D:7      | HP: 12/138 [vampire mosquito (3)]
  9474 | D:7      | HP: 4/138 [vampire mosquito (5)]
  9475 | D:7      | HP: 1/92 [poisoned by Amaemon]
  9478 | D:7      | Slain by a vampire mosquito

Vanquished Creatures
  Amaemon (D:7)
  Maggie (D:6)
  A troll (D:7)
  2 vampire mosquitoes (D:7)
  An orc warrior (D:7)
  3 ice beasts
  2 black bears
  4 kobold brigands
  2 necrophages
  2 gnoll sergeants
  3 scorpions
  4 wights (D:6)
  2 electric eels (D:7)
  A jelly (D:6)
  A gnoll shaman (D:5)
  A hound (D:7)
  8 orc priests
  An iguana (D:5)
  Ijyb (D:5)
  6 orc wizards
  2 killer bee zombies (D:7)
  16 gnolls
  12 adders
  5 river rats
  2 ufetubi
  10 worms
  A dart slug (D:3)
  24 orcs
  9 ball pythons
  7 bats
  4 endoplasms
  3 giant cockroaches
  5 goblins
  9 hobgoblins
  9 jackals
  24 kobolds
  3 quokkas
  4 frilled lizards
  5 rats
201 creatures vanquished.

Vanquished Creatures (collateral kills)
  A vampire mosquito (D:8)
1 creature vanquished.

Vanquished Creatures (others)
  22 plants
22 creatures vanquished.

Grand Total: 224 creatures vanquished

Table legend: (Time is in decaauts)
 A = Elapsed time spent in this place.
 B = Non-inter-level travel time spent in this place.
 C = Inter-level travel time spent in this place.
 D = Time resting spent in this place.
 E = Time spent auto-exploring this place.
 F = Levels seen in this place.
 G = Mean time per level.
                   A        B        C        D        E       F      G
               +--------+--------+--------+--------+--------+-----+--------+
         Total |   9699 |   9581 |    118 |   1882 |   5967 |   9 | 1077.7 |
       Dungeon |   8867 |   8749 |    118 |   1882 |   5348 |   8 | 1108.4 |
         Sewer |    831 |    831 |      0 |      0 |    619 |   1 |  831.0 |
               +--------+--------+--------+--------+--------+-----+--------+

Top non-repeatable levels by time:
     D:7: 1884 daAuts
     D:6: 1535 daAuts
     D:5: 1321 daAuts
     D:4: 1177 daAuts
     D:1: 1103 daAuts
     D:2: 962 daAuts
     D:3: 833 daAuts
   Sewer: 831 daAuts
     D:8: 49 daAuts

Table legend:
 A = Non-vault XP
 B = Vault XP
 C = Vault XP percentage of total XP
 D = Non-vault monster count
 E = Vault monster count
 F = Vault count percentage of total count
                 A         B        C        D         E       F
            +---------+---------+-------+---------+---------+-------
      Total |    4028 |    1678 |  29.4 |     161 |      41 |  20.3
            +---------+---------+-------+---------+---------+-------
        D:1 |      46 |       0 |   0.0 |      28 |       0 |   0.0
        D:2 |     188 |       0 |   0.0 |      21 |       0 |   0.0
        D:3 |      71 |      18 |  20.2 |      12 |       4 |  25.0
        D:4 |     320 |      39 |  10.9 |      22 |       6 |  21.4
        D:5 |     271 |      36 |  11.7 |      11 |       1 |   8.3
        D:6 |    1016 |     340 |  25.1 |      27 |       1 |   3.6
        D:7 |    1830 |     938 |  33.9 |      32 |       5 |  13.5
        D:8 |     286 |       0 |   0.0 |       8 |       0 |   0.0
      Sewer |       0 |     307 | 100.0 |       0 |      24 | 100.0
            +---------+---------+-------+---------+---------+-------
